 Dungeon Crawl Stone Soup version 0.30.1-11-g7821555f0a (webtiles) character file.

Game seed: 17310697103066976368

114 SacredBeard the Vexing (level 4, -2/25 HPs)
             Began as a Deep Elf Hexslinger on Nov 2, 2023.
             Killed from afar by an orc wizard (13 damage)
             ... with a puff of flame
             ... on level 3 of the Dungeon.
             The game lasted 00:08:30 (1943 turns).

SacredBeard the Vexing (Deep Elf Hexslinger)        Turns: 1943, Time: 00:08:31

Health: -2/25      AC:  5    Str:  7    XL:     4   Next: 67%
Magic:  0/10       EV: 12    Int: 18    God:
Gold:   164        SH:  0    Dex: 17    Spells: 4/8 levels left

rFire   . . .        a - +1 sling
rCold   . . .        (no shield)
rNeg    . . .        j - +0 leather armour
rPois   .            l - +0 helmet
rElec   .            e - +0 cloak
rCorr   +            (no gloves)
SInv    .            (no boots)
Will    .....        (no amulet)
Stlth   +            d - ring of resist corrosion
HPRegen 0.24/turn    (no ring)
MPRegen 0.12/turn

%: no passive effects
@: very slightly contaminated
A: no striking features
a: no special abilities


You were on level 3 of the Dungeon.
You visited 1 branch of the dungeon, and saw 3 of its levels.

You collected 164 gold pieces.

Inventory:

Hand Weapons
 a - a +1 sling (weapon)
 k - a +2 vampiric whip
Armour
 e - a +0 cloak (worn)
 j - a +0 leather armour (worn)
 l - a +0 helmet (worn)
Jewellery
 d - a ring of resist corrosion (left hand)
Scrolls
 b - a scroll of poison
 g - a scroll of enchant weapon {unknown}
 h - 3 scrolls of blinking {unknown}
 i - 2 scrolls of identify {unknown}
 m - a scroll of amnesia {unknown}
Potions
 c - a potion of magic {unknown}
 f - 2 potions of curing
 n - a potion of heal wounds {unknown}


   Skills:
 - Level 1.0 Fighting
 * Level 4.4 Ranged Weapons
 - Level 1.0 Armour
 + Level 3.3 Dodging
 + Level 2.8 Spellcasting
 + Level 4.6 Hexes


You had 4 spell levels left.
You knew the following spells:

 Your Spells              Type           Power      Damage    Failure   Level
a - Slow                  Hex            76%        N/A       3%          1
b - Inner Flame           Hex/Fire       10%        N/A       28%         3

Your spell library contained the following spells:

 Spells                   Type           Power      Damage    Failure   Level
 Confusing Touch          Hex            19%        N/A       11%         3
 Kiss of Death            Conj/Necr      8%         2d6       24%         1
 Sandblast                Erth           4%         2d4       24%         1
 Portal Projectile        Hex/Tloc       20%        N/A       28%         3
 Summon Guardian Golem    Hex/Summ       10%        N/A       28%         3
 Cause Fear               Hex            9%         N/A       34%         4
 Passwall                 Tmut/Erth      1%         N/A       36%         2
 Stone Arrow              Conj/Erth      4%         3d7       58%         3
 Dispel Undead            Necr           2%         3d7       94%         4
 Orb of Destruction       Conj           1%         9d5       100%        7
 Spellforged Servitor     Conj/Summ      1%         N/A       100%        7


Dungeon Overview and Level Annotations

Branches:
Dungeon (3/15) Zot: 16007

Altars:
Okawaru


Message History

The orc seems to slow down.
You hear a shout!
You shoot a sling bullet.
The sling bullet closely misses the orc.
You hear a shout!
An orc wizard comes into view. It is wielding a +0 dagger.
An orc priest comes into view. It is wielding a +0 hand axe.
Casting: Slow (safe; 3% risk of failure)
Confirm with . or Enter, or press ? or * to list all spells.
The spell is extremely dangerous to miscast (28% risk of failure)!
Continue anyway?
Aiming: Inner Flame (extremely dangerous; 28% risk of failure)
Press: ? - help, Dir - move target, f/p - orc
Aim: an orc, wielding a +0 club (slow, chance to affect: 76%)
You miscast Inner Flame.
You are very lightly contaminated with residual magic.
Nothing appears to happen.
Casting: Inner Flame (extremely dangerous; 28% risk of failure)
Confirm with . or Enter, or press ? or * to list all spells.
The spell is extremely dangerous to miscast (28% risk of failure)!
Continue anyway?
Aiming: Inner Flame (extremely dangerous; 28% risk of failure)
Press: ? - help, Dir - move target, f/p - orc
Aim: an orc, wielding a +0 club (slow, chance to affect: 76%)
The orc is filled with an inner flame.
A rat comes into view.
You shoot a sling bullet. The sling bullet hits the orc!
The orc explodes!
The orc priest mumbles some strange prayers to Beogh against you.
Beogh smites you!
Ouch! That really hurt!
Casting: Inner Flame (extremely dangerous; 28% risk of failure)
Confirm with . or Enter, or press ? or * to list all spells.
The spell is extremely dangerous to miscast (28% risk of failure)!
Continue anyway?
Aiming: Inner Flame (extremely dangerous; 28% risk of failure)
Press: ? - help, Dir - move target, f - orc wizard
Aim: an orc wizard, wielding a +0 dagger and wearing a +0 robe (chance to affect: 60%)
The orc wizard resists with significant effort.
The orc wizard gestures at you while chanting.
The puff of flame hits you!
Ouch! That really hurt!
You die...

######### .......<#
#######.##########o
#....@..§§§or
#############


You could see an orc priest, an orc wizard and a rat.

Vanquished Creatures
  Robin (D:1)
  An adder (D:1)
  4 gnolls
  2 worms (D:2)
  An orc (D:3)
  3 bats
  5 endoplasms (D:1)
  A giant cockroach (D:1)
  9 hobgoblins
  4 quokkas
  A ball python (D:1)
  A frilled lizard (D:2)
  9 goblins
  A kobold (D:2)
  3 rats (D:1)
46 creatures vanquished.

Notes
Turn   | Place    | Note
-------+----------+-------------------------------------------
     0 | D:1      | SacredBeard the Deep Elf Hexslinger began the quest for the
                  | Orb.
     0 | D:1      | Reached XP level 1. HP: 11/11 MP: 5/5
   130 | D:1      | Reached XP level 2. HP: 16/16 MP: 6/6
   135 | D:1      | Reached skill level 1 in Fighting
   564 | D:1      | Reached XP level 3. HP: 15/20 MP: 8/8
  1109 | D:2      | Noticed Robin
  1121 | D:1      | Reached XP level 4. HP: 25/25 MP: 9/9
  1305 | D:1      | Reached skill level 1 in Armour
  1389 | D:1      | Killed Robin
  1473 | D:2      | Found an iron altar of Okawaru.
  1623 | D:2      | Found a faded altar of an unknown god.
  1921 | D:2      | Learned a level 3 spell: Inner Flame
  1943 | D:3      | Killed from afar by an orc wizard

Illustrated notes

Levels and vault maps discovered:
D:1:      matt_arrival_spirals, layout_rooms, serial_bayou_pond_e
D:2:      layout_basic, shapermc_ecumenical_altar_notcrosses, basic_altar,
          minmay_box_of_dots, uniq_robin
D:3:      layout_loops_ring, led_xom_imps, uniq_jessica

Skill      XL: |  1  2  3  4 |
---------------+-------------+-----
Ranged Weapons | 3 4 |  4.4
Fighting       | 1 |  1.0
Spellcasting   | 2 |  2.8
Dodging        | 3 |  3.3
Armour         | 1 |  1.0
Hexes          | |  4.6

Action                     |  1- 3 |  4- 6 || total
---------------------------+-------+-------++-------
  Melee: Dagger            |    37 |       ||    37
   Fire: Sling             |    87 |    70 ||   157
   Cast: Slow              |     6 |    11 ||    17
         Inner Flame       |       |     2 ||     2
 Armour: Robe              |     4 |       ||     4
         Leather armour    |    16 |     5 ||    21
  Dodge: Dodged            |    50 |    16 ||    66
